 Dungeon Crawl Stone Soup version 0.21.0-24-g2553a33 (webtiles) character file.

30 tidbits the Skirmisher (level 3, 0/35 HPs)
             Began as a Gnoll Wanderer on Jan 20, 2018.
             Succumbed to an adder's poison
             ... on level 3 of the Dungeon.
             The game lasted 00:03:09 (374 turns).

tidbits the Skirmisher (Gnoll Wanderer)              Turns: 374, Time: 00:03:09

Health: 0/35       AC:  3    Str: 14    XL:     3   Next: 18%
Magic:  2/7        EV:  9    Int: 15    God:
Gold:   70         SH:  9    Dex: 14    Spells: 7/7 levels left

rFire    . . .     SeeInvis .   a - +0 dagger
rCold    . . .     Gourm    .   D - +0 shield
rNeg     . . .     Faith    .   B - +0 robe
rPois    .         Spirit   +   E - +0 helmet
rElec    .         Reflect  .   (no cloak)
rCorr    .         Harm     .   (no gloves)
MR       .....                  (no boots)
Stlth    ++........             k - amulet of guardian spirit
HPRegen  0.11/turn              (no ring)
MPRegen  0.10/turn              (no ring)

@: lethally poisoned (0 -> -8)
A: distributed training, fangs 1, strong nose
a: no special abilities


You were on level 3 of the Dungeon.
You were not hungry.

You visited 1 branch of the dungeon, and saw 3 of its levels.

You collected 70 gold pieces.

Inventory:

Hand Weapons
 a - a +0 dagger (weapon)
 e - a +0 club
Armour
 B - a +0 robe (worn)
 D - a +0 shield (worn)
 E - a +0 helmet (worn)
Jewellery
 k - an amulet of guardian spirit (around neck)
   (You found it on level 1 of the Dungeon)
Scrolls
 g - a scroll of fog {unknown}
 h - a scroll of identify
 i - a scroll of teleportation {unknown}
 j - a scroll of amnesia {unknown}
Potions
 b - a potion of lignification
 d - a potion of invisibility {unknown}
 l - a potion of curing
Books
 c - the Grimoire of the Trout

   Spells                             Type                      Level
   a - Swiftness                      Charms/Air                   2
   b - Poisonous Vapours              Poison/Air                   2
Comestibles
 f - 2 rations


   Skills:
 + Level 6.5 Fighting
 + Level 0.6 Short Blades
 + Level 0.6 Long Blades
 + Level 0.6 Axes
 + Level 0.6 Maces & Flails
 + Level 4.5 Polearms
 + Level 0.6 Staves
 + Level 0.6 Slings
 + Level 0.6 Bows
 + Level 0.6 Crossbows
 + Level 0.6 Throwing
 + Level 0.6 Armour
 + Level 0.6 Dodging
 + Level 0.6 Stealth
 + Level 4.5 Shields
 + Level 0.6 Unarmed Combat
 + Level 2.8 Spellcasting
 + Level 0.4 Conjurations
 + Level 2.1 Hexes
 + Level 0.4 Charms
 + Level 0.4 Summonings
 + Level 0.4 Necromancy
 + Level 0.4 Translocations
 + Level 0.4 Transmutations
 + Level 0.4 Fire Magic
 + Level 0.4 Ice Magic
 + Level 2.1 Air Magic
 + Level 0.4 Earth Magic
 + Level 0.4 Poison Magic
 + Level 0.8 Invocations
 + Level 0.6 Evocations


You had 7 spell levels left.
You didn't know any spells.

Dungeon Overview and Level Annotations

Branches:
Dungeon (3/15)

Altars:


Innate Abilities, Weirdness & Mutations

Your experience applies equally to all skills.
You have very sharp teeth.
Your uncanny sense of smell can sniff out nearby items.


Message History

You block the giant cockroach's attack.
Unknown command.
You hit the giant cockroach but do no damage.
The giant cockroach waves its antennae.
You block the giant cockroach's attack.
You hit the giant cockroach but do no damage.
You block the giant cockroach's attack. The giant cockroach barely misses you.
You barely miss the giant cockroach. The giant cockroach bites you.
* * * LOW HITPOINT WARNING * * *
You closely miss the giant cockroach. You block the giant cockroach's attack.
The giant cockroach closely misses you.
You hit the giant cockroach but do no damage.
The giant cockroach bites you.
* * * LOW HITPOINT WARNING * * *
You hit the giant cockroach but do no damage.
You block the giant cockroach's attack.
You hit the giant cockroach.
The giant cockroach is almost dead.
The giant cockroach bites you.
* * * LOW HITPOINT WARNING * * *
You barely miss the giant cockroach.
The giant cockroach is almost dead.
The giant cockroach completely misses you.
You block the giant cockroach's attack.
You closely miss the giant cockroach.
The giant cockroach is almost dead.
You block the giant cockroach's attack.
You hit the giant cockroach.
You kill the giant cockroach!
You see here a helmet.
l - a helmet Wear which item? (? for menu, Esc to quit)
You start putting on your armour.
You continue putting on your helmet. x4
You finish putting on your +0 helmet.
Adjust (i)tems, (s)pells, or (a)bilities?
Adjust which item? (? for menu, Esc to quit)
l - a +0 helmet (worn)
Adjust to which letter? (? for menu, Esc to quit)
E - a +0 helmet (worn)
Adjust (i)tems, (s)pells, or (a)bilities?
Adjust which item? (? for menu, Esc to quit)
d - a +0 robe (worn)
Adjust to which letter? (? for menu, Esc to quit)
B - a +0 robe (worn)
Adjust (i)tems, (s)pells, or (a)bilities?
Adjust which item? (? for menu, Esc to quit)
g - a +0 shield (worn)
Adjust to which letter? (? for menu, Esc to quit)
D - a +0 shield (worn)
You see here a viscous white potion.
d - a viscous white potion
Found a potion of curing.
Things that are here:
8 gold pieces; a scroll labeled KIKOJOM IPHOEPU
g - a scroll labeled KIKOJOM IPHOEPU You now have 70 gold pieces (gained 8).
You hit the rat but do no damage. You block the rat's attack.
You barely miss the rat. You block the rat's attack.
You hit the rat.
You kill the rat!
You see here a rat corpse.
An adder comes into view.
You see here a potion of curing.
l - a potion of curing The adder barely misses you.
You hit the adder.
The adder is moderately wounded.
The adder bites you.
You are poisoned.
The adder poisons you!
You barely miss the adder.
The adder is moderately wounded.
You feel sick. You block the adder's attack.
You hit the adder.
The adder is moderately wounded.
You block the adder's attack. The adder bites you.
* * * LOW HITPOINT WARNING * * *
You barely miss the adder.
The adder is moderately wounded.
You feel sick. The adder bites you.
* * * LOW HITPOINT WARNING * * *
You are lethally poisoned!
The adder poisons you!
You miss the adder. Your bite misses the adder.
The adder is moderately wounded.
* * * LOW HITPOINT WARNING * * *
You feel sick. The adder closely misses you. You block the adder's attack.
You hit the adder but do no damage.
The adder is moderately wounded.
The adder bites you.
* * * LOW HITPOINT WARNING * * *
You hit the adder. You bite the adder.
The adder is severely wounded.
* * * LOW HITPOINT WARNING * * *
You feel sick. The adder bites you.
* * * LOW HITPOINT WARNING * * *
You closely miss the adder.
The adder is severely wounded.
You die...

#.############# #
#.......#.....#.# #.##
#.†...#.#.##.#
##....######..........#
......S@....#....#....#
#####.#####.#..<......#
# #.#..###....#
#.#.†..# .... #.#.##.#
..# ∆ ..#.# .# .# ###.#
.# # #.. .# #.. .#


You could see an adder.

Vanquished Creatures
  2 dart slugs
  3 leopard geckos
  3 giant cockroaches
  3 goblins
  A hobgoblin (D:1)
  2 kobolds (D:1)
  A quokka (D:2)
  A bat (D:1)
  A frilled lizard (D:1)
  4 rats
21 creatures vanquished.

Notes
Turn   | Place    | Note
-------+----------+-------------------------------------------
     0 | D:1      | tidbits the Gnoll Wanderer began the quest for the Orb.
     0 | D:1      | tidbits set off with: a +0 shield, a potion of lignification, the Grimoire of the Trout, a +0 robe, a +0 club, a ration
     0 | D:1      | Reached XP level 1. HP: 23/23 MP: 4/4
     0 | D:1      | Identified the Grimoire of the Trout
    30 | D:2      | Reached skill level 2 in Hexes
    30 | D:2      | Reached skill level 2 in Air Magic
    91 | D:1      | Reached XP level 2. HP: 15/29 MP: 5/5
   229 | D:2      | HP: 2/29 [quokka (2)]
   281 | D:1      | Reached XP level 3. HP: 8/35 MP: 7/7
   373 | D:3      | HP: 3/35 [poisoned by an adder]
   373 | D:3      | HP: 1/35 [adder (2)]
   374 | D:3      | Succumbed to an adder's poison

Skill      XL: |  1 |
---------------+----+-----
Hexes          | 2 |  2.1
Air Magic      | 2 |  2.1
Fighting       | |  6.5
Short Blades   | |  0.6
Long Blades    | |  0.6
Axes           | |  0.6
Maces & Flails | |  0.6
Polearms       | |  4.5
Staves         | |  0.6
Slings         | |  0.6
Bows           | |  0.6
Crossbows      | |  0.6
Throwing       | |  0.6
Armour         | |  0.6
Dodging        | |  0.6
Stealth        | |  0.6
Shields        | |  4.5
Unarmed Combat | |  0.6
Spellcasting   | |  2.8
Conjurations   | |  0.4
Charms         | |  0.4
Summonings     | |  0.4
Necromancy     | |  0.4
Translocations | |  0.4
Transmutations | |  0.4
Fire Magic     | |  0.4
Ice Magic      | |  0.4
Earth Magic    | |  0.4
Poison Magic   | |  0.4
Invocations    | |  0.8
Evocations     | |  0.6

Action                   || total
-------------------------++-------
Melee: Club              ||    61
       Bite              ||    10
       Unarmed           ||     3
       Dagger            ||    30
  Use: Potion            ||     3
       Scroll            ||     1
 Stab: Sleeping          ||     1
Armor: Robe              ||     8
       Skin              ||     4
Dodge: Dodged            ||    33
Block: Shield            ||    58

Table legend:
 A = Turns spent in this place as a percentage of turns spent in the entire game.
 B = Non-inter-level travel turns spent in this place as a percentage of non-inter-level travel turns spent in the entire game.
 C = Inter-level travel turns spent in this place as a percentage of turns spent in this place.
 D = Turns resting spent in this place as a percentage of non-inter-level travel turns spent in this place.
 E = Turns spent auto-exploring this place as a percentage of non-inter-level travel turns spent in this place.
 F = Non-inter-level travel turns spent in this place divided by the number of levels of this place that you've seen.
                   A       B       C       D       E      F
               +-------+-------+-------+-------+-------+----------------------
         Total | 100.0 | 100.0 |   0.0 |   0.5 |   0.0 | 124.7
       Dungeon | 100.0 | 100.0 |   0.0 |   0.5 |   0.0 | 124.7
               +-------+-------+-------+-------+-------+----------------------

Table legend:
 A = Kills in this place as a percentage of kills in entire the game.
 B = Kills by you in this place as a percentage of kills by you in the entire game.
 C = Kills by friends in this place as a percentage of kills by friends in the entire game.
 D = Other kills in this place as a percentage of other kills in the entire game.
 E = Experience gained in this place as a percentage of experience gained in the entire game.
 F = Experience gained in this place divided by the number of levels of this place that you have seen.
                   A       B       C       D       E      F
               +-------+-------+-------+-------+-------+----------------------
         Total | 100.0 | 100.0 |   N/A |   N/A | 100.0 |  14.3
       Dungeon | 100.0 | 100.0 |   N/A |   N/A | 100.0 |  14.3
               +-------+-------+-------+-------+-------+----------------------

Vault maps used:
D:1:      lightli_molten_gateway
D:2:      amethyst_overflow_temple_binary, roderic_serpentine_path,
          minmay_misc_feat_roman, nicolae_gozag_cash_rules_everything_around_me
D:3:      okawaru_gym_becter
